cohdb
Replays
Latest Replays
All Replays
Popular Replays
Top Player Replays
Match Explorer
How It Works
Community
CoH3 Stats
Reddit
Sign in to upload your games and track your stats! →
Sign in with Steam
Match 44591944
Unlisted
Match 44591944
Overview
Messages
Build Orders
End
Selects Italian Combined Arms Battlegroup
Selects Bersaglieri Squad
Bersaglieri Squad
250 Light Carrier
Bersaglieri Squad
Bersaglieri Squad
Construct Light Support Kompanie
2.5-tonne Medical Truck
Selects Bersaglieri Bolster
Panzerjäger Mechanized Group
MG34 Team
Construct Mechanized Kompanie
Selects Breda Model 30 Light Machine Guns
Construct Panzerarmee Kommand
Selects Semovente da 75/18 Assault Gun
Armored Reserves
Panzer IV Assault Group
Fire Support Elements
Selects Strafing Run
Flakvierling Half-track
Strafing Run
Strafing Run
Selects Artillery Cover
Artillery Cover
Jason_Beebe
Adelfos88
咸鱼光
BATTLEDANNY1
剩者为王
杨司令
JT
陈浩南
0
0
Comments
sign in to comment!
No comments posted yet!